 Dungeon Crawl Stone Soup version 0.20-a0-672-gd6c3c51 (webtiles) character file.

7760 kae the Carver (level 11, -6/100 HPs)
             Began as a Minotaur Fighter on Feb 17, 2017.
             Was a Priest of Okawaru.
             Mangled by a two-headed ogre
             ... wielding a +0 giant club
              (15 damage)
             ... on level 9 of the Dungeon.
             The game lasted 00:10:43 (10162 turns).

kae the Carver (Minotaur Fighter)                  Turns: 10162, Time: 00:10:44

Health: -6/100     AC: 11    Str: 22    XL:     11   Next: 1%
Magic:  14/14      EV: 10    Int:  7    God:    Okawaru [***...]
Gold:   389        SH:  0    Dex: 10    Spells: 10/10 levels left

rFire    . . .     SeeInvis .   a - +1 long sword
rCold    . . .     Gourm    .   b - +0 scale mail
rNeg     + . .     Faith    .   (no shield)
rPois    .         Spirit   .   (helmet restricted)
rElec    .         Reflect  .   A - +0 cloak
rCorr    .         Harm     .   p - +0 pair of gloves
MR       .....                  (no boots)
Stlth    ..........             s - amulet of rage
Regen    0.3/turn               (no ring)
MPRegen  0.2/turn               e - ring of positive energy

@: no status effects
A: retaliatory headbutt, horns 2
a: Heroism, Renounce Religion, Evoke Berserk Rage


You were on level 9 of the Dungeon.
You worshipped Okawaru.
Okawaru was most pleased with you.
You were not hungry.

You visited 2 branches of the dungeon, and saw 10 of its levels.
You also visited: Sewer.

You collected 389 gold pieces.

Inventory:

Hand Weapons
 a - a +1 long sword (weapon)
 J - the +2 shortbow of Fortitude {speed, -Tele rN+++}
   (You found it on level 9 of the Dungeon)

   Attacks with this weapon are significantly faster.
   It renders you almost immune to negative energy.
   It prevents most forms of teleportation.
Missiles
 d - a throwing net (quivered)
Armour
 b - a +0 scale mail (worn)
 c - a +0 shield
 p - a +0 pair of gloves (worn)
 A - a +0 cloak (worn)
Jewellery
 e - a ring of positive energy (left hand)
 s - an amulet of rage (around neck)
 u - an uncursed amulet of harm
Wands
 y - a wand of lightning (1/15)
 B - a wand of confusion (32/48)
Scrolls
 g - 7 scrolls of remove curse
 l - 5 scrolls of teleportation
 m - a scroll of fear
 r - 2 scrolls of magic mapping
 w - a scroll of enchant weapon
 D - a scroll of fog
 E - a scroll of identify
 G - a scroll of amnesia
Potions
 h - 2 potions of curing
 i - a potion of cancellation
 j - 2 potions of brilliance
 k - 2 potions of magic
 n - 2 potions of resistance
 o - 3 potions of heal wounds
 t - 3 potions of agility
 x - 2 potions of mutation
 z - a potion of ambrosia
 H - a potion of degeneration {unknown}
Books
 C - a book of Callings

   Spells                             Type                      Level
   a - Summon Small Mammal            Summoning                    1
   b - Call Imp                       Summoning                    2
   c - Call Canine Familiar           Summoning                    3
   d - Summon Guardian Golem          Hexes/Summoning              3
   e - Summon Lightning Spire         Summoning/Air                4
   f - Summon Ice Beast               Ice/Summoning                4
Comestibles
 f - 8 bread rations
 q - 10 royal jellies
 v - 4 meat rations


   Skills:
 + Level 10.2 Fighting
 * Level 13.1 Long Blades
 + Level 10.3 Armour
 - Level 3.6 Shields
 * Level 5.7 Invocations


You had 10 spell levels left.
You didn't know any spells.

Dungeon Overview and Level Annotations

Branches:
Dungeon (9/15)             Temple (1/1) D:7
   Lair: D:8-11         Orc: D:9-12

Altars:
Ashenzari
Cheibriados
Dithmenos
Elyvilon
Fedhas
Gozag
Hepliaklqana
Kikubaaqudgha
Makhleb
Nemelex Xobeh
Okawaru
Qazlal
Ru
Sif Muna
Trog
Uskayaw
Vehumet
Xom
Yredelemnul
Zin
The Shining One

Annotations:
D:6 1 runed door


Innate Abilities, Weirdness & Mutations

You reflexively headbutt those who attack you in melee.
You have a pair of horns on your head.


Message History

You are too injured to fight recklessly!
You are too injured to fight recklessly!
You are too injured to fight recklessly!
You are too injured to fight recklessly!
You slash the two-headed ogre!
The two-headed ogre is heavily wounded.
You barely miss the two-headed ogre.
The two-headed ogre is heavily wounded.
The two-headed ogre hits you with a giant club!
* * * LOW HITPOINT WARNING * * *
The two-headed ogre barely misses you.
You hit the two-headed ogre but do no damage.
You headbutt the two-headed ogre!
The two-headed ogre is severely wounded.
You slash the two-headed ogre!
The two-headed ogre is almost dead.
The two-headed ogre hits you with a giant club!!
* * * LOW HITPOINT WARNING * * *
The two-headed ogre hits you with a giant club!
You die...

#.......##......##...
#.......##......##..^
#.......##......##...
##'#........#........
###.....##..##..####..
#................ ...
###.....##........ ...
#####..#..##.... ...
#.......@....... .#.
.....##.O....... ...
####. #...####.# ... )
....# ### .. .#...# ..
....... .. ......
....##....


You could see a two-headed ogre.

Vanquished Creatures
  A two-headed ogre (D:8)
  Pikel (D:4)
  A queen bee (D:8)
  A hippogriff (D:7)
  Sigmund (D:4)
  2 wyverns
  5 yaks (D:9)
  A soldier ant (D:6)
  A water moccasin (D:9)
  3 orc warriors
  6 sky beasts
  An ice beast (D:8)
  2 phantoms (D:6)
  4 slaves (D:4)
  3 ogres
  3 centaurs
  Blork the orc (D:4)
  6 bullfrogs
  3 scorpions
  21 killer bees (D:8)
  2 howler monkeys
  3 crimson imps
  A centaur zombie (D:9)
  3 jellies
  2 bullfrog zombies
  3 hounds
  8 orc priests
  Crazy Yiuf (D:4)
  4 iguanas
  15 orc wizards
  10 worker ants
  Robin (D:3)
  13 adders
  An adder skeleton (D:5)
  7 worms
  3 dart slugs
  9 leopard geckos
  28 orcs
  15 bats
  10 giant cockroaches
  22 goblins
  7 hobgoblins
  4 jackals
  13 kobolds
  6 quokkas
  9 ball pythons
  3 frilled lizards
  4 rats
  A butterfly (D:6)
  2 plants (Sewer)
277 creatures vanquished.

Vanquished Creatures (others)
  An orc wizard (D:9)
  A leopard gecko skeleton (D:4)
2 creatures vanquished.

Grand Total: 279 creatures vanquished

Notes
Turn   | Place    | Note
-------+----------+-------------------------------------------
     0 | D:1      | kae the Minotaur Fighter began the quest for the Orb.
     0 | D:1      | Reached XP level 1. HP: 19/19 MP: 0/0
   106 | D:1      | Reached XP level 2. HP: 27/27 MP: 1/1
   229 | D:1      | Reached skill level 3 in Long Blades
   505 | D:1      | Reached XP level 3. HP: 33/33 MP: 2/2
   963 | D:2      | Reached XP level 4. HP: 30/41 MP: 3/3
  1228 | D:2      | Noticed a moth of wrath
  1240 | D:2      | Reached skill level 4 in Long Blades
  1309 | D:2      | Found a faded altar of an unknown god.
  1535 | D:2      | Found a bloodstained altar of Trog.
  1796 | D:3      | Found a glowing drain.
  1801 | Sewer    | Entered a sewer
  1991 | Sewer    | Reached XP level 5. HP: 47/47 MP: 4/4
  2567 | D:3      | Noticed Robin
  2614 | D:3      | Killed Robin
  2692 | D:3      | Found a hazy altar of Hepliaklqana.
  2699 | D:3      | Reached skill level 5 in Long Blades
  2735 | D:3      | Reached skill level 5 in Fighting
  2741 | D:3      | Reached skill level 5 in Armour
  3230 | D:4      | Noticed Blork the orc
  3367 | D:4      | Killed Blork the orc
  3367 | D:4      | Reached XP level 6. HP: 31/56 MP: 5/5
  3539 | D:4      | Reached skill level 6 in Long Blades
  3842 | D:4      | Noticed Sigmund
  3866 | D:4      | Killed Sigmund
  3866 | D:4      | Reached XP level 7. HP: 20/62 MP: 6/6
  4178 | D:4      | Found a stormy altar of Qazlal.
  4179 | D:4      | Noticed a fire elemental
  4179 | D:4      | Noticed an air elemental
  4179 | D:4      | Noticed a water elemental
  4287 | D:4      | Reached skill level 7 in Long Blades
  4322 | D:4      | Noticed Pikel
  4344 | D:4      | Killed Pikel
  4344 | D:4      | Reached skill level 8 in Long Blades
  4344 | D:4      | Reached XP level 8. HP: 28/71 MP: 7/7
  4603 | D:4      | Found a runed door.
  4652 | D:4      | Found a bloodstained altar of Trog.
  4652 | D:4      | Found a sacrificial altar of Ru.
  4652 | D:4      | Found a deep blue altar of Sif Muna.
  4841 | D:4      | Noticed Crazy Yiuf
  4850 | D:4      | Killed Crazy Yiuf
  5101 | D:5      | Entered Level 5 of the Dungeon
  5128 | D:5      | Reached skill level 9 in Long Blades
  5252 | D:5      | Found an opulent altar of Gozag.
  5253 | D:5      | Found a glowing silver altar of Zin.
  6504 | D:6      | Reached skill level 10 in Long Blades
  6524 | D:6      | Found a runed door.
  6542 | D:6      | Reached XP level 9. HP: 72/81 MP: 8/8
  6552 | D:6      | Found a runed door.
  7240 | D:6      | Reached skill level 11 in Long Blades
  7635 | D:7      | Found a staircase to the Ecumenical Temple.
  7689 | Temple   | Entered the Ecumenical Temple
  7756 | Temple   | Became a worshipper of Warmaster Okawaru
  8142 | D:8      | Reached skill level 1 in Invocations
  8466 | D:8      | Reached XP level 10. HP: 51/91 MP: 10/10
  8740 | D:8      | Found a shadowy altar of Dithmenos.
  8759 | D:8      | Reached * piety under Okawaru
  8771 | D:8      | Reached skill level 12 in Long Blades
  8820 | D:8      | HP: 1/91 [killer bee (6)]
  9085 | D:8      | Noticed a two-headed ogre
  9093 | D:8      | Killed a two-headed ogre
  9093 | D:8      | Reached ** piety under Okawaru
  9104 | D:8      | Reached skill level 10 in Armour
  9790 | D:9      | Reached skill level 10 in Fighting
  9790 | D:9      | Reached skill level 5 in Invocations
  9865 | D:9      | Found a snail-covered altar of Cheibriados.
  9870 | D:9      | Got a slimy shortbow
  9882 | D:9      | Identified the +2 shortbow of Fortitude {speed, -Tele rN+++} (You found it on level 9 of the Dungeon)
  9908 | D:9      | Reached skill level 13 in Long Blades
  9916 | D:9      | Reached *** piety under Okawaru
 10030 | D:9      | Reached XP level 11. HP: 75/100 MP: 12/14
 10152 | D:9      | Noticed a two-headed ogre
 10162 | D:9      | Mangled by a two-headed ogre

Vault maps used:
D:1:      minmay_arrival_plants_in_alcoves, minmay_parallelograms
D:2:      chequers_ecumenical_altar_grove, first_bread, tgw_trog
D:3:      old_standard_altar, portal_sewer_entry_e, uniq_robin
D:4:      gammafunk_temple_overflow_claw, nicolae_qazlal_style_of_elements,
          uniq_pikel, uniq_sigmund, uniq_crazy_yiuf_cottage, uniq_blork_the_orc
D:5:      grunt_temple_overflow_gold_and_silver, roderic_lattice_a,
          hangedman_abyss_or_decor_passed, minmay_door_square,
          minmay_misc_feat_more_columns
D:6:      lemuel_insect_pit, kennysheep_diamond
D:7:      temple_pool_b
D:8:      kennysheep_mini, david_nohive_1
D:9:      cheibriados_altar_1, basic_altar
Temple:   nicolae_temple_x_marks_the_god
Sewer:    sewer_co_scattered_pipes

Skill      XL: |  1  2  3  4  5  6  7  8  9 10 |
---------------+-------------------------------+-----
Fighting       | 4 5 6 7 9 10 | 10.2
Long Blades    | 3 4 5 6 8 10 11 13 | 13.1
Armour         | 4 5 6 8 9 10 | 10.3
Invocations    | 2 5 |  5.7
Shields        | |  3.6

Action                   |  1- 3 |  4- 6 |  7- 9 | 10-12 || total
-------------------------+-------+-------+-------+-------++-------
Melee: Long sword        |    92 |   284 |   364 |   202 ||   942
       Headbutt          |     9 |    48 |    67 |    39 ||   163
       Punch             |       |       |       |     2 ||     2
Invok: Heroism           |       |       |       |     6 ||     6
 Abil: Evoke Berserk Rag |       |       |       |     1 ||     1
Evoke: Wand              |       |       |       |     2 ||     2
  Use: Scroll            |       |     8 |     8 |     1 ||    17
       Potion            |       |     1 |     3 |     7 ||    11
  Eat: Chunk             |       |     5 |    16 |     4 ||    25
       Meat ration       |       |     1 |       |       ||     1
       Royal jelly       |       |       |       |     1 ||     1
Armor: Scale mail        |    53 |   115 |   131 |   102 ||   401
Dodge: Dodged            |    33 |    59 |    67 |    72 ||   231
Block: Shield            |    44 |   120 |   121 |   105 ||   390
       Rpst.: Long sword |     6 |     9 |    18 |    22 ||    55
